 Dungeon Crawl Stone Soup version 0.19-a0-860-g5c370dd (webtiles) character file.

3573 HAL9000 the Martial Artist (level 9, -4/74 HPs)
             Began as a Black Draconian Transmuter on July 2, 2016.
             Was a Follower of Kikubaaqudgha.
             Slain by a hippogriff (8 damage)
             ... on level 8 of the Dungeon.
             The game lasted 00:26:52 (10362 turns).

HAL9000 the Martial Artist (DrTm)                  Turns: 10362, Time: 00:26:52

Health: -4/74      AC:  2    Str: 11 (13) XL:     9   Next: 84%
Magic:  14/17      EV: 19    Int: 12 (15) God:    Kikubaaqudgha [*.....]
Gold:   506        SH:  0    Dex: 19 (21) Spells: 5 memorised, 4 levels left

rFire  + . .     SeeInvis .       - Unarmed
rCold  . . .     Gourm    .     (armour unavailable)
rNeg   . . .     Faith    .     (shield currently unavailable)
rPois  x         Spirit   .     (helmet currently unavailable)
rElec  .         Dismiss  .     (cloak currently unavailable)
rCorr  .         Reflect  .     (gloves currently unavailable)
SustAt .         Harm     .     (boots currently unavailable)
MR     .....                    y - amulet of rage
Stlth  ++........               P - ring of protection from fire
                                G - +3 ring of dexterity

@: spider-form, drained, not resistant to hostile enchantments, unstealthy
A: (breathe lightning), unfitting armour, (electricity resistance),
(cold-blooded), AC +7
a: End Transformation, Receive Corpses, Renounce Religion, Evoke Berserk Rage


You were on level 8 of the Dungeon.
You worshipped Kikubaaqudgha.
Kikubaaqudgha was aware of your devotion.
You were hungry.
You were a venomous arachnid creature.
You visited 2 branches of the dungeon, and saw 9 of its levels.

You collected 506 gold pieces.

Inventory:

Missiles
 m - 6 javelins of penetration (quivered)
 n - 14 tomahawks
 E - 7 steel tomahawks
Armour
 k - a +0 pair of gloves (melded)
 O - the +5 large shield "Irry" {rF+ Dex+5}
   (You found it on level 6 of the Dungeon)

   It affects your dexterity (+5).
   It protects you from fire.
 R - a +0 cloak (melded)
Magical Staves
 Q - an uncursed staff of cold
Jewellery
 y - an amulet of rage (around neck)
 G - a +3 ring of dexterity (left front leg)
 N - a +2 ring of dexterity
 P - a ring of protection from fire (right front leg)
Wands
 u - a wand of confusion (18/48)
 H - a wand of paralysis (4/24)
Scrolls
 g - 3 scrolls of remove curse {unknown}
 p - 4 scrolls of teleportation {unknown}
 q - 2 scrolls of enchant armour {unknown}
 t - 5 scrolls of identify
 x - a scroll of amnesia {unknown}
 z - 2 scrolls of random uselessness {unknown}
 F - a scroll of enchant weapon {unknown}
 J - a scroll of immolation {unknown}
 U - 3 scrolls of fog {unknown}
Potions
 e - 2 potions of berserk rage
 r - 3 potions of agility
 D - a potion of heal wounds {unknown}
 I - 2 potions of flight
 K - 3 potions of cancellation {unknown}
 M - a potion of resistance {unknown}
 T - a potion of cure mutation
Books
 b - a book of Changes

   Spells                             Type                      Level
   a - Beastly Appendage              Transmutation                1
   b - Sticks to Snakes               Transmutation                2
   c - Spider Form                    Transmutation/Poison         3
   d - Ice Form                       Ice/Transmutation            4
   e - Blade Hands                    Transmutation                5
Comestibles
 c - 6 bread rations
 i - 8 meat rations
 l - a beef jerky
 s - 2 fruits


   Skills:
 - Level 5.0(4.9) Fighting
 + Level 2.8(2.7) Throwing
 - Level 1.7 Dodging
 * Level 8.6(8.5) Unarmed Combat
 + Level 5.7(5.6) Spellcasting
 * Level 8.5 Transmutations


You had 4 spell levels left.
You knew the following spells:

 Your Spells              Type           Power        Failure   Level  Hunger
a - Beastly Appendage     Tmut           ###...       4%          1    None
b - Sticks to Snakes      Tmut           ###.....     4%          2    ##.....
c - Spider Form           Tmut/Pois      ##........   28%         3    ###....
d - Ice Form              Ice/Tmut       ##......     56%         4    ####...
e - Blade Hands           Tmut           ###.......   41%         5    ######.


Dungeon Overview and Level Annotations

Branches:
Dungeon (8/15)             Temple (1/1) D:6            Lair (0/6) D:8

Altars:
Ashenzari
Cheibriados
Dithmenos
Elyvilon
Fedhas
Gozag
Hepliaklqana
Kikubaaqudgha
Makhleb
Nemelex Xobeh
Okawaru
Pakellas
Qazlal
Ru
Sif Muna
Trog
Uskayaw
Vehumet
Xom
Yredelemnul
Zin
The Shining One


Innate Abilities, Weirdness & Mutations

((You can breathe wild blasts of lightning.))
((Your glossy black scales are hard. (AC +7)))
Your body does not fit into most forms of armour.
((You are resistant to electric shocks. (rElec)))
((You are cold-blooded and may be slowed by cold attacks.))


Message History

The hippogriff is severely wounded.
The hippogriff closely misses you. The hippogriff pecks you.
* * * LOW HITPOINT WARNING * * *
The hippogriff barely misses you.
Unknown command.
You hit the hippogriff.
The hippogriff looks as sick as possible!
The hippogriff is almost dead.
The hippogriff bites you!
* * * LOW HITPOINT WARNING * * *
The hippogriff pecks you but does no damage.
The hippogriff claws you but does no damage.
Okay, then.
Okay, then.
It was a potion of degeneration.
There was something very wrong with that liquid.
You feel weakened.
You feel dopey.
You feel clumsy. The hippogriff bites you!
You die...
Kikubaaqudgha rasps: "You have failed me!
Welcome... death!"

#.......# ....# #......<#
.... #.......# $..#
#.......### ..# #####
#.<....†#>## ..#......
####.......# ##.#......
#.......# ###.........
#####.......####.oz.[......
#...##...>[...Hs.####......
#.........÷.###### .....
#...........# #.##
#...##......# .#
######......### .
#........# ##..#....#
##.#..(.#. ####.#......


You could see a hippogriff, a wight and an orc priest.

Vanquished Creatures
  A troll (D:8)
  A wyvern (D:8)
  A steam dragon (D:8)
  An orc warrior (D:8)
  An ice beast (D:6)
  A phantom (D:5)
  5 ogres
  A crocodile (D:7)
  2 giant frogs
  Blork the orc (D:6)
  2 scorpions
  A water moccasin skeleton (D:8)
  6 howler monkeys
  5 wights
  4 crimson imps
  5 jellies
  3 hounds
  A centaur zombie (D:7)
  4 orc priests
  2 centaur skeletons
  A giant frog skeleton (D:6)
  6 orc wizards
  2 iguanas
  9 worker ants
  11 gnolls
  9 adders
  A shadow imp (D:6)
  2 oozes (D:2)
  2 adder skeletons
  2 adder zombies (D:7)
  3 worms
  A dart slug (D:3)
  A giant gecko (D:2)
  17 orcs
  4 giant cockroaches
  5 goblins
  8 hobgoblins
  13 jackals
  A quokka (D:5)
  6 bats
  9 giant newts
  A jackal skeleton (D:8)
  4 kobolds
  A quokka skeleton (D:5)
  A quokka zombie (D:7)
  6 rats
174 creatures vanquished.

Vanquished Creatures (collateral kills)
  A water moccasin (D:5)
  An orc warrior (D:6)
  A hound (D:5)
  An orc priest (D:5)
  An orc wizard (D:5)
  An adder (D:4)
  A shadow imp (D:4)
  A giant cockroach (D:5)
  A giant gecko skeleton (D:4)
9 creatures vanquished.

Grand Total: 183 creatures vanquished

Notes
Turn   | Place    | Note
-------+----------+-------------------------------------------
     0 | D:1      | HAL9000 the Draconian Transmuter began the quest for the Orb.
     0 | D:1      | Reached XP level 1. HP: 16/16 MP: 3/3
   374 | D:1      | Reached XP level 2. HP: 24/24 MP: 5/5
   407 | D:1      | Learned a level 2 spell: Sticks to Snakes
   768 | D:2      | Found a snail-covered altar of Cheibriados.
   918 | D:2      | Reached XP level 3. HP: 28/29 MP: 4/6
   947 | D:2      | Gained mutation: You passively map a small area around you. [potion of mutation]
   947 | D:2      | Gained mutation: You are dopey. (Int -2) [potion of mutation]
   951 | D:2      | Lost mutation: You passively map a small area around you. [potion of cure mutation]
   951 | D:2      | Lost mutation: You are dopey. (Int -2) [potion of cure mutation]
   962 | D:2      | HP: 1/29 [poisoned by an adder]
  1339 | D:2      | Learned a level 3 spell: Spider Form
  1696 | D:2      | Reached XP level 4. HP: 22/37 MP: 5/7
  2543 | D:3      | You fall through a shaft!
  2558 | D:4      | Reached XP level 5. HP: 14/44 MP: 1/8
  3701 | D:4      | Found an opulent altar of Gozag.
  4553 | D:4      | Reached XP level 6. HP: 46/51 MP: 10/10
  4750 | D:4      | Learned a level 4 spell: Ice Form
  4792 | D:5      | Entered Level 5 of the Dungeon
  5130 | D:5      | Noticed a water moccasin
  5145 | D:5      | Killed a water moccasin
  5145 | D:5      | Reached skill level 5 in Unarmed Combat
  5145 | D:5      | Your scales start taking on a glossy black colour.
  5145 | D:5      | Reached XP level 7. HP: 24/58 MP: 1/12
  5145 | D:5      | Gained mutation: You are resistant to electric shocks. (rElec) [Black Draconian growth]
  5568 | D:5      | Reached skill level 5 in Transmutations
  6063 | D:5      | Reached XP level 8. HP: 64/67 MP: 7/14
  6696 | D:6      | Found a staircase to the Ecumenical Temple.
  6764 | Temple   | Entered the Ecumenical Temple
  7026 | D:6      | Noticed Blork the orc
  7034 | D:6      | Killed Blork the orc
  7112 | D:6      | Learned a level 5 spell: Blade Hands
  7205 | D:6      | Found a basalt altar of Yredelemnul.
  7313 | D:6      | HP: 2/67 [something (2)]
  7718 | D:6      | Reached skill level 5 in Fighting
  7780 | D:6      | Got a slimy large shield
  7781 | D:6      | Identified the +5 large shield "Irry" {rF+ Dex+5} (You found it on level 6 of the Dungeon)
  8843 | D:7      | Reached XP level 9. HP: 60/74 MP: 14/16
  8885 | D:7      | Reached skill level 1 in Throwing
  9117 | D:7      | Reached skill level 5 in Spellcasting
  9256 | D:7      | Found an ancient bone altar of Kikubaaqudgha.
  9256 | D:7      | Found an oddly glowing altar of Pakellas.
  9265 | D:7      | Became a worshipper of Kikubaaqudgha
  9714 | D:8      | Found a staircase to the Lair.
  9715 | D:8      | Noticed a troll
  9726 | D:8      | Killed a troll
 10342 | D:8      | Reached * piety under Kikubaaqudgha
 10342 | D:8      | Received a gift from Kikubaaqudgha
 10362 | D:8      | Slain by a hippogriff

Vault maps used:
D:1:      minmay_arrival_radiant_lines
D:2:      lemuel_crystal_altar
D:3:      first_bread
D:4:      grunt_gozag_statues
D:5:      grunt_tough_drop
D:6:      kennysheep_mini_moat, minmay_misc_feat_room, uniq_blork_the_orc
D:7:      gammafunk_temple_overflow_statue
D:8:      lair_0_dummy, hangedman_pestilent_swarm,
          lemuel_mausoleum_altar_kikubaaqudgha
Temple:   eino_narrow_crystal_temple

Skill      XL: |  1  2  3  4  5  6  7  8  9 |
---------------+----------------------------+-----
Fighting       | 2 3 4 5 |  5.0
Unarmed Combat | 4 5 7 8 |  8.6
Transmutations | 3 4 5 7 8 |  8.5
Spellcasting   | 3 4 5 |  5.7
Throwing       | 2 |  2.8
Dodging        | |  1.7

Action                   |  1- 3 |  4- 6 |  7- 9 || total
-------------------------+-------+-------+-------++-------
Melee: Unarmed           |   105 |   194 |   481 ||   780
       Tailslap          |     9 |    27 |    63 ||    99
       Headbutt          |     8 |    12 |    22 ||    42
       Kick              |    10 |     7 |    18 ||    35
       Punch             |     1 |     5 |    14 ||    20
Throw: Javelin           |       |     3 |    12 ||    15
       Tomahawk          |       |       |     3 ||     3
 Cast: Beastly Appendage |    15 |    20 |    23 ||    58
       Sticks to Snakes  |     4 |    22 |    18 ||    44
       Spider Form       |       |       |    15 ||    15
       Blade Hands       |       |       |     2 ||     2
 Abil: Breathe Lightning |       |       |     8 ||     8
       End Transformatio |       |       |     4 ||     4
Evoke: Wand              |       |       |     1 ||     1
  Use: Potion            |     6 |       |     2 ||     8
       Scroll            |       |       |     2 ||     2
 Stab: Distracted        |       |     3 |       ||     3
       Sleeping          |       |     2 |     4 ||     6
  Eat: Chunk             |     4 |    10 |    14 ||    28
       Fruit             |       |     1 |     8 ||     9
       Pizza             |       |       |     1 ||     1
Armor: Skin              |    28 |    70 |   121 ||   219
Dodge: Dodged            |    76 |   160 |   290 ||   526
